 Dungeon Crawl Stone Soup version 0.19-a0-593-gf2cdb02 (webtiles) character file.

408 esc the Slasher (level 6, -3/53 HPs)
             Began as a Minotaur Gladiator on June 10, 2016.
             Was a Follower of Hepliaklqana.
             Slain by a gnoll
             ... wielding a +0 halberd
              (9 damage)
             ... on level 5 of the Dungeon.
             The game lasted 00:08:05 (3691 turns).

esc the Slasher (Minotaur Gladiator)                Turns: 3691, Time: 00:08:06

Health: -3/53      AC:  4    Str: 20    XL:     6   Next: 57%
Magic:  5/5        EV: 14    Int:  5    God:    Hepliaklqana [*.....]
Gold:   265        SH:  0    Dex: 12    Spells: 0 memorised, 5 levels left

rFire  . . .     SeeInvis .     a - +0 long sword
rCold  . . .     Gourm    .     b - +0 leather armour
rNeg   . . .     Faith    .     (no shield)
rPois  .         Spirit   .     c - +0 hat
rElec  .         Dismiss  .     (no cloak)
rCorr  .         Reflect  .     m - +0 pair of gloves
SustAt .         Harm     .     (no boots)
MR     .....                    (no amulet)
Stlth  ++........               (no ring)
                                k - ring of stealth {Stlth+}

@: not resistant to hostile enchantments, unstealthy
A: retaliatory headbutt, horns 2
a: Recall Ancestor, Ancestor Identity, Renounce Religion


You were on level 5 of the Dungeon.
You worshipped Hepliaklqana.
Hepliaklqana was aware of your devotion.
You were not hungry.

You visited 1 branch of the dungeon, and saw 5 of its levels.

You collected 265 gold pieces.

Inventory:

Hand Weapons
 a - a +0 long sword (weapon)
Missiles
 d - 3 throwing nets {=f, !d}
 e - 235 stones (quivered)
Armour
 b - a +0 leather armour (worn)
 c - a +0 hat (worn)
 m - a +0 pair of gloves (worn)
   (You found it on level 2 of the Dungeon)
Jewellery
 k - a ring of stealth (left hand) {Stlth+}
   (You found it on level 1 of the Dungeon)
Wands
 n - a wand of flame (21/48)
   (You found it on level 2 of the Dungeon)
 x - a wand of paralysis (10/24)
   (You found it on level 4 of the Dungeon)
 y - a wand of flame (20/48)
   (You took it off Robin on level 4 of the Dungeon)
Scrolls
 i - a scroll of immolation {!r}
 j - 2 scrolls of remove curse {unknown}
 o - a scroll of recharging {unknown}
 r - a scroll of teleportation {unknown}
 u - 2 scrolls of identify {unknown}
 A - 2 scrolls of blinking {unknown}
Potions
 l - 3 potions of cancellation {unknown}
 p - 2 potions of curing {unknown}
 s - 2 potions of haste {unknown}
 t - a potion of lignification {unknown}
 v - 3 potions of flight {unknown}
Comestibles
 f - 4 bread rations {@e1}
 g - 2 slices of pizza
 q - a meat ration {@e2}
 w - a beef jerky


   Skills:
 + Level 4.6 Fighting
 + Level 5.7 Long Blades
 - Level 2.0 Throwing
 + Level 3.6 Armour
 + Level 4.9 Dodging


You had 5 spell levels left.
You didn't know any spells.

Dungeon Overview and Level Annotations

Branches:
Dungeon (5/15)             Temple (0/1) D:4

Altars:
Cheibriados
Hepliaklqana
Ru
Vehumet
Xom


Innate Abilities, Weirdness & Mutations

You reflexively headbutt those who attack you in melee.
You have a pair of horns on your head.


Message History

You closely miss the giant cockroach.
You headbutt the giant cockroach, but do no damage.
The giant cockroach bites you but does no damage.
Health restored: 53 You barely miss the giant cockroach.
You headbutt the giant cockroach.
You kill the giant cockroach!
The gnoll shouts! x2; The gnoll shaman shouts!
The gnoll shouts!
A gnoll comes into view. It is wielding a club.
Nefertari hits the gnoll.
Nefertari barely misses the gnoll.
The gnoll closely misses you. You furiously retaliate!
You headbutt the gnoll!
You kill the gnoll!
Nefertari hits the gnoll.
A gnoll comes into view.
There is a stone staircase leading up here.
The gnoll shaman calls upon its god to heal the gnoll.
The gnoll's wounds heal themselves!
The gnoll hits you from afar with a spear!
Nefertari hits the gnoll.
You take 8 damage, and have 45/53 hp.
The hound zombie bites you. The gnoll hits you with a spear.
Nefertari closely misses the gnoll.
The hound zombie bites you but does no damage.
You take 5 damage, and have 40/53 hp.
You hit the gnoll. The gnoll hits you but does no damage.
The hound zombie closely misses you.
Nefertari hits the gnoll.
The gnoll closely misses you.
The gnoll hits Nefertari with a club.
You hit the gnoll but do no damage.
The hound zombie bites you but does no damage.
The gnoll shaman calls upon its god to heal the gnoll.
The gnoll is healed somewhat.
The gnoll closely misses you.
Nefertari hits the gnoll.
The gnoll barely misses Nefertari.
The gnoll hits you from afar with a halberd!
The hound zombie closely misses you. You furiously retaliate!
You headbutt the hound zombie!
The gnoll shaman hits Nefertari with a club.
You take 9 damage, and have 31/53 hp.
Unknown command.
It was a potion of heal wounds.
You feel much better. The gnoll hits you with a spear!
Nefertari hits the gnoll.
The gnoll dies!
The hound zombie closely misses you.
The gnoll hits Nefertari with a club.
The gnoll closely misses you.
You regained 8 hp, and now have 39/53 hp.
You barely miss the hound zombie. The gnoll shaman hits you with a club.
The hound zombie misses you.
Nefertari hits the gnoll but does no damage.
The gnoll misses Nefertari.
The gnoll completely misses you. The gnoll hits you but does no damage.
The gnoll shaman misses you. You furiously retaliate!
You headbutt the gnoll shaman! The hound zombie closely misses you.
You furiously retaliate!
You headbutt the hound zombie, but do no damage.
You take 3 damage, and have 36/53 hp.
Nefertari hits the gnoll.
The hound zombie bites you but does no damage.
The gnoll hits Nefertari with a club.
The gnoll misses you.
The gnoll shaman calls upon its god to speed up the gnoll.
The gnoll seems to speed up.
Nefertari barely misses the gnoll.
The hound zombie misses you.
The gnoll barely misses Nefertari.
The gnoll closely misses you. The hound zombie closely misses you.
You furiously retaliate!
You headbutt the hound zombie!
Nefertari hits the gnoll.
You hit the gnoll shaman but do no damage.
The hound zombie closely misses you.
Nefertari hits the gnoll shaman.
The gnoll hits you from afar with a halberd!
The gnoll hits you. The hound zombie barely misses you.
The gnoll hits you with a club.
You take 16 damage, and have 21/53 hp.
MASSIVE DAMAGE!!
You hit the gnoll shaman.
You kill the gnoll shaman!
The gnoll closely misses you. The hound zombie bites you.
The gnoll barely misses you. You furiously retaliate!
You headbutt the gnoll. The gnoll hits you with a club.
* * * LOW HITPOINT WARNING * * *
Nefertari barely misses the gnoll.
The gnoll hits you but does no damage.
You take 7 damage, and have 14/53 hp.
The hound zombie bites you but does no damage.
The gnoll hits you.
* * * LOW HITPOINT WARNING * * *
The gnoll hits Nefertari with a halberd.
Nefertari barely misses the gnoll.
The hound zombie closely misses you. You furiously retaliate!
You headbutt the hound zombie!
You destroy the hound zombie!
You see here 17 arrows.
You take 2 damage, and have 12/53 hp.
You barely miss the gnoll. Your headbutt misses the gnoll.
The gnoll hits Nefertari with a halberd!
Nefertari is destroyed!
The gnoll hits you but does no damage. x2
Okay, then.
As you read the scroll labeled ASASED XIODOXU, it crumbles to dust.
The creatures around you are filled with an inner flame!
It was a scroll of immolation.
The gnoll hits you!
* * * LOW HITPOINT WARNING * * *
The gnoll misses you.
The gnoll hits you from afar with a halberd!
You die...

≈≈≈ ≈.....#
≈≈≈♣♣...♣.#
..≈♣≈≈..♣.#.#
...♣P.......#
.....P.....#####
................
#..........#
#...gg@..#
#.....g[.#
#..)..<..#
#####.#### #.#
#.# #.# #.# #.#


You could see 3 gnolls.

Vanquished Creatures
  A howler monkey (D:4)
  A jelly (D:3)
  A gnoll shaman (D:5)
  A hound zombie (D:5)
  A gnoll (D:5)
  2 adders (D:2)
  An adder skeleton (D:4)
  A worm (D:4)
  2 dart slugs
  3 giant geckos
  8 orcs
  7 bats
  5 giant cockroaches
  15 goblins
  3 hobgoblins
  3 kobolds
  3 ball pythons
  4 giant newts
  13 rats
75 creatures vanquished.

Vanquished Creatures (collateral kills)
  An ogre (D:4)
  3 worker ants (D:4)
  Robin (D:4)
  A gnoll (D:5)
  An ooze (D:3)
  2 orcs (D:4)
  3 goblins (D:4)
  2 hobgoblins (D:4)
14 creatures vanquished.

Vanquished Creatures (others)
  3 ancestors
3 creatures vanquished.

Grand Total: 92 creatures vanquished

Notes
Turn   | Place    | Note
--------------------------------------------------------------
     0 | D:1      | esc the Minotaur Gladiator began the quest for the Orb.
     0 | D:1      | Reached XP level 1. HP: 18/18 MP: 0/0
   123 | D:1      | Reached XP level 2. HP: 24/25 MP: 1/1
   158 | D:1      | Found a shimmering altar of Xom.
   415 | D:1      | Reached skill level 4 in Long Blades
   456 | D:1      | Reached skill level 1 in Armour
  1139 | D:2      | Reached XP level 3. HP: 23/30 MP: 2/2
  1208 | D:2      | Reached skill level 3 in Fighting
  1599 | D:2      | Found a sacrificial altar of Ru.
  1607 | D:2      | Found a radiant altar of Vehumet.
  1770 | D:2      | Found a hazy altar of Hepliaklqana.
  1788 | D:2      | Became a worshipper of Hepliaklqana
  1897 | D:3      | Reached skill level 4 in Dodging
  1971 | D:3      | Reached XP level 4. HP: 35/38 MP: 3/3
  2040 | D:3      | Reached skill level 2 in Armour
  2291 | D:3      | Noticed an ogre
  2484 | D:4      | Reached * piety under Hepliaklqana
  2490 | D:4      | Reached XP level 5. HP: 29/45 MP: 4/4
  2516 | D:4      | Found a staircase to the Ecumenical Temple.
  2543 | D:4      | Noticed Robin
  2544 | D:4      | HP: 10/46 [Robin/goblin (2)]
  2558 | D:4      | Killed Robin
  2801 | D:4      | Reached skill level 5 in Long Blades
  2824 | D:4      | Found a snail-covered altar of Cheibriados.
  2853 | D:4      | Noticed an ogre
  2863 | D:4      | Killed an ogre
  2863 | D:4      | Reached skill level 4 in Fighting
  2863 | D:4      | Reached skill level 3 in Armour
  2863 | D:4      | Reached XP level 6. HP: 39/52 MP: 5/5
  2901 | D:4      | HP: 13/52 [poisoned by a worker ant]
  3670 | D:5      | Entered Level 5 of the Dungeon
  3689 | D:5      | HP: 12/53 [gnoll (2)]
  3691 | D:5      | Slain by a gnoll

Vault maps used:
D:1:      minmay_arrival_shattered_statue, hex_intersection,
          minmay_tree_intersection, eino_curves_01, xom_teletrap_fun
D:2:      lemuel_round_altar, minitemple
D:4:      minmay_temple_entry_statues_fountains, first_bread,
          kennysheep_slug_shrine, uniq_robin
D:5:      kennysheep_little_box, serial_bayou, serial_bayou_crossing,
          serial_bayou_shore_a, serial_bayou_pond_a, serial_bayou_shore_b,
          serial_bayou_lake_a, serial_bayou_pond_b,
          nicolae_ossuary_entry_monument, hangedman_ru_absence, uniq_duvessa

Skill      XL: |  1  2  3  4  5 |
---------------+----------------+-----
Long Blades    | 4 5 |  5.7
Armour         | 1 2 3 |  3.6
Fighting       | 3 4 |  4.6
Dodging        | 4 |  4.9
Throwing       | |  2.0

Action                   |  1- 3 |  4- 6 || total
-------------------------+-------+-------++-------
Melee: Long sword        |    86 |    74 ||   160
       Headbutt          |     7 |    17 ||    24
Invok: Recall Ancestor   |       |     1 ||     1
  Use: Scroll            |     1 |     2 ||     3
       Potion            |       |     1 ||     1
 Stab: Sleeping          |     5 |     4 ||     9
  Eat: Chunk             |     3 |     6 ||     9
Armor: Leather armour    |    14 |    17 ||    31
Dodge: Dodged            |    68 |    52 ||   120

Vault maps used:
D:1:      minmay_arrival_shattered_statue, hex_intersection,
          minmay_tree_intersection, eino_curves_01, xom_teletrap_fun
D:2:      lemuel_round_altar, minitemple
D:4:      minmay_temple_entry_statues_fountains, first_bread,
          kennysheep_slug_shrine, uniq_robin
D:5:      kennysheep_little_box, serial_bayou, serial_bayou_crossing,
          serial_bayou_shore_a, serial_bayou_pond_a, serial_bayou_shore_b,
          serial_bayou_lake_a, serial_bayou_pond_b,
          nicolae_ossuary_entry_monument, hangedman_ru_absence, uniq_duvessa

Table legend:
 A = Turns spent in this place as a percentage of turns spent in the entire game.
 B = Non-inter-level travel turns spent in this place as a percentage of non-inter-level travel turns spent in the entire game.
 C = Inter-level travel turns spent in this place as a percentage of turns spent in this place.
 D = Turns resting spent in this place as a percentage of non-inter-level travel turns spent in this place.
 E = Turns spent auto-exploring this place as a percentage of non-inter-level travel turns spent in this place.
 F = Non-inter-level travel turns spent in this place divided by the number of levels of this place that you've seen.
                   A       B       C       D       E      F
               +-------+-------+-------+-------+-------+----------------------
         Total | 100.0 | 100.0 |   0.5 |   0.7 |   9.3 | 193.6
       Dungeon | 100.0 | 100.0 |   0.5 |   0.7 |   9.3 | 193.6
               +-------+-------+-------+-------+-------+----------------------

Table legend:
 A = Kills in this place as a percentage of kills in entire the game.
 B = Kills by you in this place as a percentage of kills by you in the entire game.
 C = Kills by friends in this place as a percentage of kills by friends in the entire game.
 D = Other kills in this place as a percentage of other kills in the entire game.
 E = Experience gained in this place as a percentage of experience gained in the entire game.
 F = Experience gained in this place divided by the number of levels of this place that you have seen.
                   A       B       C       D       E      F
               +-------+-------+-------+-------+-------+----------------------
         Total | 100.0 | 100.0 | 100.0 |  -nan | 100.0 | 116.8
       Dungeon | 100.0 | 100.0 | 100.0 |  -nan | 100.0 | 116.8
               +-------+-------+-------+-------+-------+----------------------
